 Dungeon Crawl Stone Soup version 0.29-a0-11-ga75d3d97ab (webtiles) character file.

Game seed: 5877513686848829045

125 testman the Magician (level 5, -1/40 HPs)
             Began as a Djinni Hedge Wizard on Jan 28, 2022.
             Slain by Grinder (8 damage)
             ... while paralysed by Grinder
             ... on level 3 of the Dungeon.
             The game lasted 00:17:42 (4435 turns).

testman the Magician (Djinni Hedge Wizard)          Turns: 4435, Time: 00:17:43

Health: -1/40      AC:  3    Str:  9    XL:     5   Next: 30%
Gold:   15         EV:  2    Int: 17    God:
                   SH:  0    Dex: 13

rFire   + . .      SeeInvis .   k - +0 short sword (elec)
rCold   . . .      Faith    .   (no shield)
rNeg    . . .      Spirit   .   b - +0 robe
rPois   ∞          Reflect  .   c - +0 hat
rElec   .          Harm     .   (no cloak)
rCorr   .          Rampage  .   n - +0 pair of gloves
Will    .....                   (boots unavailable)
Stlth   ++........              (no amulet)
HPRegen 0.13/turn               l - ring of ice
MPRegen 0.00/turn               (no ring)

@: paralysed, flying
A: sickness immunity, fire resistance 2, cold vulnerability 1, float, innate
caster, hp casting, extra vitality 1
a: no special abilities


You were on level 3 of the Dungeon.
You visited 1 branch of the dungeon, and saw 3 of its levels.

You collected 75 gold pieces.
You spent 60 gold pieces at shops.

Inventory:

Hand Weapons
 k - a +0 short sword of electrocution (weapon)
 q - a +0 hunting sling
Missiles
 d - 67 stones
 f - 23 sling bullets
 p - 3 javelins
Armour
 b - a +0 robe (worn)
 c - a +0 hat (worn)
 n - a +0 pair of gloves (worn)
Jewellery
 i - an amulet of regeneration
 l - a ring of ice (left hand)
Scrolls
 o - 2 scrolls of blinking {unknown}
 r - a scroll of teleportation
Potions
 a - a potion of attraction
 e - 2 potions of ambrosia
 g - a potion of might
 h - 4 potions of curing
 j - a potion of berserk rage {unknown}
 m - a potion of heal wounds {unknown}


   Skills:
 + Level 3.1 Fighting
 - Level 2.1 Dodging
 - Level 1.5 Stealth
 + Level 3.5 Spellcasting


You couldn't memorise any spells.
You knew the following spells:

 Your Spells              Type           Power      Damage    Failure   Level
a - Magic Dart            Conj           56%        1d5       4%          1
b - Blink                 Tloc           28%        N/A       6%          2
c - Call Imp              Summ           14%        N/A       6%          2
d - Slow                  Hex            56%        N/A       4%          1
e - Conjure Flame         Conj/Fire      14%        6-21      12%         3
f - Mephitic Cloud        Conj/Pois/Air  14%        N/A       12%         3
g - Summon Small Mammal   Summ           56%        N/A       4%          1
h - Poisonous Vapours     Pois/Air       28%        N/A       6%          2
Your spell library was empty.

Dungeon Overview and Level Annotations

Branches:
Dungeon (3/15)

Altars:

Shops:
D:2 ?   D:3 !

Annotations:
D:2 Robin, Sigmund
D:3 Grinder


Innate Abilities, Weirdness & Mutations

You are immune to sickness and miasma.
You are immune to poison.
Your flesh is very heat resistant. (rF++)
You are vulnerable to cold. (rC-)
You float through the air rather than walking.
You learn spells naturally, not from books.
Your magical power is your life essence.
You have superior vitality. (+4 MHP)


Message History

Grinder is severely wounded.
Your crimson imp closely misses Grinder.
Grinder hits you.
* * * LOW HITPOINT WARNING * * *
You writhe in agony.
* * * LOW HITPOINT WARNING * * *
Your crimson imp hits Grinder.
Grinder blinks!
Casting: Call Imp (safe; 6% risk of failure)
Confirm with . or Enter, or press ? or * to list all spells.
* * * LOW HITPOINT WARNING * * *
Grinder blinks!
Grinder gestures at you.
You suddenly lose the ability to move!
Your quokka bites Grinder.
Grinder hits your quokka.
Your quokka dies!
Your quokka's corpse disappears in a puff of smoke!
Grinder shouts!
Your crimson imp closely misses Grinder.
Grinder hits your crimson imp!
Your crimson imp barely misses Grinder.
Grinder hits your crimson imp!
Your crimson imp dies!
Your crimson imp disappears in a puff of smoke!
Grinder gestures at you. You resist with significant effort.
You can move again.
You hit Grinder but do no damage.
Grinder is almost dead.
Grinder closely misses you.
You barely miss Grinder.
Grinder is almost dead.
Grinder blinks!
Things that are here:
a +0 club; a goblin corpse You barely miss Grinder.
Grinder is almost dead.
Grinder says, "There's only one good use for a tongue: cutting it out."
Grinder gestures at you.
You suddenly lose the ability to move!
Grinder hits you!
You die...

#...♣...♣ ... ..###
....♣♣P.♣ ..##..<..#
....♣♣♣.♣##....<# .#
...>♣♣..♣.......##.#
##...♣.♣♣...#......###
##.............#.....###
#.....#####>........>...
.<....# #......5......
......# #.....@...#
#.....# #.........#
#....## #.........#
####.# #.........# .#
#......##### .. #.##...#
.# #. #...# . #...#
#...#


You could see Grinder.

Vanquished Creatures
  Natasha (twice) (D:2)
  An adder (D:2)
  A dart slug (D:1)
  A worm (D:1)
  3 ball pythons (D:1)
  A bat (D:1)
  5 endoplasms
  A giant cockroach (D:1)
  20 goblins
  7 hobgoblins
  2 quokkas (D:1)
  2 frilled lizards (D:1)
  5 kobolds
  6 rats
57 creatures vanquished.

Notes
Turn   | Place    | Note
-------+----------+-------------------------------------------
     0 | D:1      | testman the Djinni Hedge Wizard began the quest for the
                  | Orb.
     0 | D:1      | Reached XP level 1. HP: 15/15 MP: 0/0
   790 | D:1      | Reached skill level 1 in Fighting
   790 | D:1      | Reached XP level 2. HP: 21/22 MP: 0/0
  1275 | D:1      | Reached XP level 3. HP: 21/27 MP: 0/0
  1275 | D:1      | Learned a level 1 spell: Summon Small Mammal
  1361 | D:1      | Found a faded altar of an unknown god.
  2280 | D:2      | Noticed Sigmund
  3075 | D:2      | Reached XP level 4. HP: 32/33 MP: 0/0
  3261 | D:2      | Noticed Robin
  3826 | D:2      | Found Ydep's Magic Scroll Shoppe.
  3834 | D:2      | Bought a scroll of identify for 24 gold pieces
  3834 | D:2      | Bought a scroll of teleportation for 36 gold pieces
  4164 | D:2      | Noticed Natasha
  4166 | D:2      | Killed Natasha
  4167 | D:2      | Reached XP level 5. HP: 39/40 MP: 0/0
  4167 | D:2      | Learned a level 2 spell: Poisonous Vapours
  4174 | D:2      | Noticed Natasha
  4180 | D:2      | Killed Natasha
  4343 | D:3      | Found Wuorhewn's Distillery.
  4403 | D:3      | Noticed Grinder
  4406 | D:3      | Paralysed by Grinder for 5 turns
  4425 | D:3      | Paralysed by Grinder for 6 turns
  4434 | D:3      | Paralysed by Grinder for 3 turns
  4435 | D:3      | Slain by Grinder

Illustrated notes

Levels and vault maps discovered:
D:1:      dpeg_arrival_brainrot, layout_basic, serial_aquarium,
          aquarium_bridge_straight [aquarium_subvault_bridge,
          aquarium_subvault_window, aquarium_subvault_bridge,
          aquarium_subvault_wall], aquarium_window_corner, aquarium_window_1,
          aquarium_window_3, aquarium_view_2f, aquarium_balcony_5b,
          aquarium_pool_double, basic_ecumenical_altar
D:2:      cheibrodos_greedy_goblins, layout_loops_cross, serial_shops,
          nicolae_lakefront_shop, uniq_sigmund, uniq_natasha, uniq_robin
D:3:      layout_rooms, serial_forest, infiniplex_forest_end_2,
          infiniplex_forest_lined_corner, infiniplex_forest_end_1,
          infiniplex_forest_end_3, infiniplex_forest_zigzag_1,
          infiniplex_forest_straight_1, serial_shops, shop, uniq_grinder

Skill      XL: |  1  2  3  4  5 |
---------------+----------------+-----
Fighting       | 1 2 3 |  3.1
Spellcasting   | 3 |  3.5
Dodging        | |  2.1
Stealth        | |  1.5

Action                   |  1- 3 |  4- 6 || total
-------------------------+-------+-------++-------
Melee: Dagger            |     7 |       ||     7
       Short sword       |    12 |    32 ||    44
 Cast: Magic Dart        |    88 |    44 ||   132
       Conjure Flame     |     3 |       ||     3
       Slow              |     1 |       ||     1
       Mephitic Cloud    |       |     1 ||     1
       Poisonous Vapours |       |     2 ||     2
       Summon Small Mamm |       |     1 ||     1
       Call Imp          |       |     1 ||     1
  Use: Scroll            |       |     4 ||     4
 Stab: Sleeping          |     1 |       ||     1
Armor: Robe              |    23 |     6 ||    29
Dodge: Dodged            |    39 |    20 ||    59

Table legend: (Time is in decaauts)
 A = Elapsed time spent in this place.
 B = Non-inter-level travel time spent in this place.
 C = Inter-level travel time spent in this place.
 D = Time resting spent in this place.
 E = Time spent auto-exploring this place.
 F = Levels seen in this place.
 G = Mean time per level.
                   A        B        C        D        E       F      G
               +--------+--------+--------+--------+--------+-----+--------+
         Total |   4452 |   4284 |    168 |   1978 |   1765 |   3 | 1484.0 |
       Dungeon |   4452 |   4284 |    168 |   1978 |   1765 |   3 | 1484.0 |
               +--------+--------+--------+--------+--------+-----+--------+

Top non-repeatable levels by time:
     D:1: 3059 daAuts
     D:2: 1297 daAuts
     D:3: 96 daAuts
